[Event "Late-Titled-Tuesday-Blitz-May-14-2024"]
[Site "Chess.com"]
[Date "2024.05.14"]
[Round "10"]
[White "rhungaski"]
[Black "lucasmito"]
[Result "0-1"]
[WhiteElo "2558"]
[BlackElo "2744"]
[TimeControl "180+1"]
[EndTime "15:55:37 PDT"]
[Termination "lucasmito won by resignation"]

1. b3 Nf6 2. Bb2 d5 3. g3 c5 4. Bg2 Nc6 5. Nf3 Bf5 6. O-O h6 7. c4 d4 8. e3 e5 9. exd4 exd4 10.
Re1+ Be7 11. Ne5 Rc8 12. Nxc6 bxc6 13. Qf3 Bg4 14. Qd3 Qd7 15. Na3 O-O 16. h3 Bf5 17.
Qf3 Rfe8 18. Re5 Bxh3 19. Bxh3 Qxh3 20. Rae1 Bd6 21. Rxe8+ Nxe8 22. Nc2 a5 23. Ba3 h5 24.
Re4 Nf6 25. Rh4 Qe6 26. Kg2 Re8 27. Rh1 Qe4 28. d3 Qxf3+ 29. Kxf3 Re6 30. Bc1 Kf8 31.
Bg5 g6 32. Bxf6 Rxf6+ 33. Ke2 Re6+ 34. Kd2 Ke7 35. Ne1 Rf6 36. f4 Ke6 37. Nf3 Kf5 38. Ke2 Re6+ 39. Kf2 Re3 40. Rd1 f6 41. Nh4+ Kg4 42.
Nxg6 Rf3+ 43. Ke2 Rxg3 44. Rh1 Rg2+ 45. Kf1 Rxa2 46. Rh4+ Kf5 47. Nh8 Bxf4 48. Rxh5+ Bg5 49. Nf7 Rb2 50. Nxg5 fxg5 51. Rh6 Rxb3 52. Rxc6 Rxd3 53.
Rxc5+ Kf4 54. Rxa5 Rc3 55. c5 g4 56. Ra8 Kg3 57.
Rd8 Rc1+ 58. Ke2 Rxc5 59. Rxd4 Rf5 60. Rd3+ Kh2 61. Rd7 g3 62. Rh7+ Kg1 63. Rh8 g2 64. Rh7 Re5+ 65. Kf3 Kf1 66. Kf4 Re8 0-1

[Event "Late-Titled-Tuesday-Blitz-May-14-2024"]
[Site "Chess.com"]
[Date "2024.05.14"]
[Round "10"]
[White "oskariot"]
[Black "xasid81"]
[Result "0-1"]
[WhiteElo "2775"]
[BlackElo "2643"]
[TimeControl "180+1"]
[EndTime "15:55:40 PDT"]
[Termination "xasid81 won on time"]

1. e4 a6 2. d4 c6 3. c3 d5 4. Nd2 dxe4 5. Nxe4 Nf6 6. Nxf6+ exf6 7. Bd3 Bd6 8. Qc2 h5 9. Ne2 O-O 10. Be3 Re8 11.
O-O-O h4 12. Kb1 Nd7 13. g4 Nf8 14. Rhg1 Bxh2 15. Rh1 Qc7 16. Bf5 g5 17. d5 cxd5 18.
Nd4 Bf4 19. Bxc8 Raxc8 20. Nf5 Bxe3 21. fxe3 Qe5 22. Qb3 Ng6 23. Qxb7 Rb8 24. Qxd5 Qxc3 25. Rh2 Qe5 26. Rhd2 Qxd5 27. Rxd5 Ne5 28. R5d4 Kh7 29.
Rc1 Rbd8 30. Ra4 Rd2 31. a3 Rg2 32. Nd4 Rxg4 33. Rxa6 Kg6 34. Rf1 Nd7 35. Rd6 Re7 36.
Nf5 Re5 37. Nd4 Re7 38. Nc6 Re6 39. Rxd7 Rxc6 40. a4 Rg2 41. a5 Rcc2 42. Rb7 Rcf2 43. Rc1 h3 44. a6 h2 45. a7 Rg1 46. a8=Q Rxc1+ 47. Ka2 h1=Q 48. Qg8+ Kf5 49. Rb5+ Kg4 50.
Rb4+ Kg3 51. Qb8+ Kg2 52. Qa8+ Kg1 53. Rg4+ Rg2 54. Rxg2+ Qxg2 55. Qa7 Qc2 56. e4+ Kf1 57.
Qd4 Qb1+ 58. Kb3 Qc2+ 59. Ka2 Rd1 60. Qe3 Qa4+ 61. Qa3 Qxa3+ 62. Kxa3 Re1 63. e5 Re4 64. exf6 Rf4 0-1

[Event "Late-Titled-Tuesday-Blitz-May-14-2024"]
[Site "Chess.com"]
[Date "2024.05.14"]
[Round "10"]
[White "Jahonas"]
[Black "RianKapriaga"]
[Result "0-1"]
[WhiteElo "2373"]
[BlackElo "2299"]
[TimeControl "180+1"]
[EndTime "15:55:40 PDT"]
[Termination "RianKapriaga won by resignation"]

1. d4 Nf6 2. c4 e6 3. Nf3 d5 4. Bg5 Be7 5. Nbd2 O-O 6. e3 Nbd7 7. c5 Ne4 8. Nxe4 dxe4 9. Bxe7 Qxe7 10. Nd2 e5 11. Nxe4 f5 12. Bc4+ Kh8 13. Nc3 f4 14. Nd5 Qg5 15. O-O f3 16. g3 e4 17. Re1 c6 18.
Nf4 Nf6 19. h4 Qh6 20. Bf1 Ng4 21. Nh3 Be6 22. d5 cxd5 23. Qd4 Rad8 24. Rac1 Rc8 25. Ng5 Bg8 26. Bh3 Qh5 27. Bxg4 Qxg4 28. Kh2 Rf5 29.
Rh1 h6 30. Nh3 Be6 31. Kg1 Rh5 32. Nf4 Bf7 33. Nxh5 Qxh5 34. b4 a6 35. a4 Be8 36.
Rd1 Rd8 37. Qa1 Kh7 38. Rd4 Qf5 39. Qd1 Bc6 40. Rh2 Rd7 41. Qc2 Re7 42. Qb3 Re6 43.
b5 axb5 44. axb5 Be8 45. Qxd5 Qxd5 46. Rxd5 Bxb5 47. Rd6 Re5 48. Rb6 Rxc5 49. Rh1 Rc1+ 50. Kh2 Rc2 51. g4 Rxf2+ 52. Kg3 Rg2+ 53. Kf4 Bd3 54.
Rxb7 f2 55. Re7 f1=Q+ 56. Rxf1 Bxf1 57. Rxe4 Rf2+ 58. Kg3 Re2 59. Rf4 Bg2 60. Rf2 Rxf2 61. Kxf2 Be4 62. Kg3 g5 63. hxg5 hxg5 64. Kf2 Kg6 65.
Ke2 Kf6 66. Kd2 Ke5 67. Kc3 Kd5 68. Kb4 Bg6 69. Kc3 Ke4 70. Kd2 Bf7 0-1

[Event "Late-Titled-Tuesday-Blitz-May-14-2024"]
[Site "Chess.com"]
[Date "2024.05.14"]
[Round "10"]
[White "HowTo2Draw"]
[Black "Sanyura"]
[Result "0-1"]
[WhiteElo "2575"]
[BlackElo "2657"]
[TimeControl "180+1"]
[EndTime "15:55:45 PDT"]
[Termination "Sanyura won by resignation"]

1. c4 Nf6 2. g3 g6 3. Bg2 Bg7 4. b3 O-O 5. Bb2 d6 6. Nf3 Nbd7 7. d4 e5 8. dxe5 Ng4 9. O-O Ngxe5 10. Nxe5 Nxe5 11. Nc3 Re8 12. Qd2 a5 13. Rac1 h5 14.
h4 Bg4 15. Bxb7 Rb8 16. Bg2 g5 17. hxg5 h4 18. gxh4 Qd7 19. Nd5 Bh3 20. Qf4 Bxg2 21. Kxg2 Ng6 22. Nf6+ Bxf6 23. Qxf6 Qg4+ 24. Kh2 Qxh4+ 25.
Kg1 Ne5 26. Qf5 Ng4 27. Qf4 Rxe2 28. Bd4 Re4 29. Qg3 Qxg3+ 30. fxg3 Rxd4 31. Rf4 Rxf4 32.
gxf4 Ne3 33. Kf2 Nf5 34. Kf3 Re8 35. c5 d5 36. c6 Re3+ 37. Kg4 Nd6 38. Rc5 d4 39.
Rd5 Ne4 40. Rxd4 Kg7 41. Rd5 Kg6 42. f5+ Kg7 43. Kf4 Re2 44. Rxa5 Nd6 45. Rd5 Rf2+ 46.
Kg4 Rc2 47. b4 Rxc6 48. Rc5 Rb6 49. Rxc7 Rxb4+ 50. Kf3 Nxf5 51. Ra7 Nd4+ 52. Kg3 Ne6 53. g6 Kxg6 54. a4 f5 55. Ra8 Nc5 56. a5 Rb3+ 57.
Kf4 Ne6+ 58. Ke5 Nc7 59. Rg8+ Kf7 60. Rc8 Rb5+ 61. Kd6 Ne6 62. Ra8 f4 63. a6 f3 64. a7 Ra5 65. Rh8 Rxa7 66. Rh3 Ra3 67. Ke5 Ng5 68. Rg3 Kg6 69. Kf4 Ra4+ 70. Ke5 Kh5 71.
Kf5 Kh4 72. Rg1 f2 73. Rf1 Nh3 74. Ke5 Kg3 75. Rb1 Kg2 0-1

[Event "Late-Titled-Tuesday-Blitz-May-14-2024"]
[Site "Chess.com"]
[Date "2024.05.14"]
[Round "10"]
[White "karinachess1"]
[Black "cristianserban1"]
[Result "1-0"]
[WhiteElo "2630"]
[BlackElo "2511"]
[TimeControl "180+1"]
[EndTime "15:55:45 PDT"]
[Termination "karinachess1 won by checkmate"]

1. d4 Nf6 2. c4 b6 3. Nc3 Bb7 4.
f3 d5 5. cxd5 Nxd5 6. e4 Nxc3 7.
bxc3 e6 8. Bb5+ c6 9. Bd3 Be7 10. Ne2 O-O 11. O-O c5 12. Be3 cxd4 13. cxd4 Nc6 14. Rc1 Rc8 15. Qd2 Qd6 16. Rfd1 Qa3 17. Bb1 Bb4 18. Qd3 Ba6 19. Qxa3 Bxa3 20. Rc2 Nb4 21. Rxc8 Rxc8 22. Kf2 Bb5 23. d5 exd5 24.
exd5 Rd8 25. Nc3 Bc4 26. d6 Nc6 27. Be4 Na5 28. Bf4 Be6 29. h4 Nc4 30. Nb5 Bc5+ 31. Kg3 a6 32. Nc7 Bxd6 33. Bxd6 Rxd6 34. Rxd6 Nxd6 35.
Bb1 Bc4 36. Na8 b5 37. Nb6 Be6 38. Kf4 f6 39. Ke3 Kf7 40. Kd4 Nb7 41. Nd5 a5 42. Bxh7 g6 43. Nf4 Bf5 44. h5 b4 45. Bxg6+ Bxg6 46.
hxg6+ Kg7 47. Kc4 Nd6+ 48. Kc5 Nf5 49. Kb5 Nd4+ 50. Kxa5 b3 51. axb3 Nxb3+ 52. Kb4 Nd2 53. Kc3 Nf1 54. Kd4 Ng3 55. Kd5 Nf5 56. Ke4 Nh4 57.
Ke3 Nf5+ 58. Kf2 Ne7 59. g4 Nc6 60. Kg3 Ne5 61. Kf2 Nc6 62. Ke3 Ne5 63. Ke4 Nc6 64.
Kf5 Ne5 65. Nh5+ Kh6 66. g7 Kh7 67. Kxf6 Nxf3 68. g5 Nh4 69. Nf4 Kg8 70. Nd5 Ng6 71. Ne3 Nf4 72. Nf5 Ng6 73. Nh6+ Kh7 74. g8=Q# 1-0

[Event "Late-Titled-Tuesday-Blitz-May-14-2024"]
[Site "Chess.com"]
[Date "2024.05.14"]
[Round "10"]
[White "WPWPWP-2015"]
[Black "volcanoexplorer"]
[Result "0-1"]
[WhiteElo "2470"]
[BlackElo "2718"]
[TimeControl "180+1"]
[EndTime "15:55:52 PDT"]
[Termination "volcanoexplorer won on time"]

1. e4 e5 2. Nf3 Nc6 3. Bb5 a6 4. Ba4 Nf6 5. O-O b5 6. Bb3 Bc5 7. d3 d6 8. h3 O-O 9. a4 Rb8 10. Be3 Qe7 11. Nc3 Na5 12. Bg5 c6 13. axb5 Nxb3 14.
cxb3 axb5 15. Kh1 h6 16. Be3 d5 17. Bxc5 Qxc5 18. Rc1 Qd6 19. d4 dxe4 20. Nxe5 c5 21. Ne2 cxd4 22. Qxd4 Qe6 23. b4 Bb7 24. Rfd1 e3 25. Qxe3 Rfe8 26. f4 Nd5 27. Qg3 Nxf4 28. Nxf4 Qxe5 29. Rc5 Qe4 30. Rd7 Rbd8 31. Rxd8 Rxd8 32.
Nh5 Qg6 33. Qxg6 fxg6 34. Nf4 Rd1+ 35. Kh2 Rd4 36. Rxb5 Be4 37. Ne6 Rd2 38. Nf4 g5 39.
Re5 Bb7 40. Re2 Rd4 41. Ne6 Rxb4 42. Kg3 Bd5 43. Nc5 Rc4 44. Nd3 h5 45. Ne5 h4+ 46. Kf2 Rf4+ 47. Ke3 Re4+ 48. Kd2 Rf4 49. Nd3 Ra4 50.
Nc5 Rc4 51. Nd3 Be4 52. Nf2 Bf5 53. Nd1 Rc2+ 54. Ke3 Rc4 55. Nc3 g4 56. hxg4 Bxg4 57. Rf2 Be6 58. Kd3 Rb4 59. Rd2 g5 60. Ke3 Bf5 61.
Ne2 Re4+ 62. Kf2 g4 63. Rd4 Re5 64. Rf4 Kg7 65. Nc3 Bd7 66. Rd4 Bf5 67. Rd2 Kg6 68.
Re2 Rc5 69. Rd2 Rc4 70. g3 h3 71. Kg1 Rc8 72. Kh2 Re8 73. Ne2 Re3 74. Nf4+ Kg5 75. Rf2 Re1 76. Nd5 Be4 0-1

[Event "Late-Titled-Tuesday-Blitz-May-14-2024"]
[Site "Chess.com"]
[Date "2024.05.14"]
[Round "10"]
[White "Licancabur"]
[Black "annasargsyan_m"]
[Result "1/2-1/2"]
[WhiteElo "2504"]
[BlackElo "2595"]
[TimeControl "180+1"]
[EndTime "15:56:01 PDT"]
[Termination "Game drawn by stalemate"]

1. f4 e5 2. fxe5 d6 3. exd6 Bxd6 4. Nf3 g5 5. d4 g4 6. Ne5 Nc6 7. Bf4 Qf6 8. Qd2 Nxe5 9. dxe5 Bxe5 10. Bxe5 Qxe5 11.
Nc3 Be6 12. O-O-O Ne7 13. e3 c6 14. Qd4 Qxd4 15. exd4 O-O-O 16. Ne4 h5 17. Ng5 Nf5 18. Nxe6 fxe6 19. c3 Kd7 20. Re1 Nd6 21. Bd3 Rdf8 22. Re2 h4 23. Rhe1 Rf6 24. Kd2 Nf7 25. b4 g3 26. h3 Ng5 27. a4 Rhf8 28. a5 a6 29. Kd1 Rf2 30. Rxf2 Rxf2 31. Re2 Rf4 32. Ke1 Kd6 33. Re3 Nf7 34. Re2 e5 35. dxe5+ Nxe5 36. Be4 Rf6 37. Kd2 Rf1 38. Re1 Nc4+ 39. Ke2 Rf2+ 40.
Kd3 Ne5+ 41. Ke3 Rb2 42. Rd1+ Ke6 43. Rd4 Nf7 44. Bf3 Nd6 45. Bg4+ Ke5 46. Bf3 Nf5+ 47. Kd3 Nxd4 48. cxd4+ Kd6 49. Kc3 Rf2 50. Be4 Re2 51.
Kd3 Rb2 52. Kc3 Ra2 53. Kc4 Rf2 54. Kc3 Rf4 55. Kd3 Ke6 56. Ke3 Rf2 57. Kd3 Kf6 58.
Kc3 Kg5 59. Kd3 Kf4 60. d5 cxd5 61. Bxd5 Rb2 62. Kc3 Re2 63. Bxb7 Re6 64. Kc4 Ke3 65. Bd5 Rf6 66. b5 axb5+ 67. Kxb5 Rf5 68. Kc5 Kf2 69. a6 Rxd5+ 70. Kxd5 Kxg2 71. a7 Kh2 72. a8=Q g2 73. Qa2 Kh1 74. Qb1+ g1=Q 75. Qxg1+ Kxg1 76. Ke4 Kg2 77. Ke3 Kxh3 78. Kf2 Kh2 79. Kf1 h3 80. Kf2 Kh1 81.
Kf1 h2 82. Kf2 1/2-1/2

[Event "Late-Titled-Tuesday-Blitz-May-14-2024"]
[Site "Chess.com"]
[Date "2024.05.14"]
[Round "10"]
[White "maurovargas01"]
[Black "munozmiguelangel1982"]
[Result "0-1"]
[WhiteElo "1921"]
[BlackElo "2221"]
[TimeControl "180+1"]
[EndTime "15:56:07 PDT"]
[Termination "munozmiguelangel1982 won by checkmate"]

1. e4 g6 2. Nc3 Bg7 3. f4 Bxc3 4.
Nf3 Bg7 5. Bc4 d6 6. O-O Nf6 7. e5 dxe5 8. fxe5 Nd5 9. d4 O-O 10. Bg5 h6 11. Bd2 c6 12. Qe1 Kh7 13. Qh4 e6 14.
Bg5 Qc7 15. Bxh6 Bxh6 16. Ng5+ Kg7 17. Nxf7 Rxf7 18. Rxf7+ Qxf7 19. Rf1 Qe7 20. Qh3 Nd7 21. Bd3 Nf4 22. Rxf4 Bxf4 23. Qg4 Qf7 24. g3 Be3+ 25.
Kg2 Qf2+ 26. Kh3 Qf7 27. Kg2 Nf8 28. h4 Qf6 29. exf6+ Kxf6 30. Qf3+ Kg7 31. Qxe3 Bd7 32. Qe5+ Kg8 33. h5 gxh5 34. Qxh5 Re8 35. Qg5+ Kf7 36.
Qh5+ Ke7 37. Bg6 Nxg6 38. Qxg6 Rf8 39. Qg5+ Ke8 40. c4 Rf5 41. Qg8+ Ke7 42. Qg7+ Rf7 43. Qe5 Be8 44. Qc7+ Kf8 45. Qd6+ Kg8 46. Qxe6 Bd7 47. Qe4 Kf8 48. Qh4 Re7 49. Qf6+ Ke8 50. Qh8+ Kf7 51.
Qh7+ Ke8 52. c5 Rxh7 53. Kf3 Rf7+ 54. Kg2 Rg7 55. Kf3 Ke7 56. b4 Ke6 57. d5+ Kxd5 58. a3 Kc4 59. Ke4 Kb3 60. Kf4 Kxa3 61. b5 Kb4 62. bxc6 Bxc6 63. g4 a5 64. g5 a4 65.
Kf5 a3 66. Kf6 Rxg5 67. Kxg5 a2 68. Kf6 a1=Q+ 69. Ke6 Qd1 70. Ke5 Qd5+ 71. Kf4 Qxc5 72. Kg4 Qe5 73. Kh3 Qg7 74. Kh4 Bf3 75. Kh3 Qg4+ 76.
Kh2 Qg2# 0-1

[Event "Late-Titled-Tuesday-Blitz-May-14-2024"]
[Site "Chess.com"]
[Date "2024.05.14"]
[Round "10"]
[White "klifus"]
[Black "PhileKhoob"]
[Result "0-1"]
[WhiteElo "2149"]
[BlackElo "2322"]
[TimeControl "180+1"]
[EndTime "15:56:22 PDT"]
[Termination "PhileKhoob won by checkmate"]

1. e4 c6 2. d3 d5 3. Nd2 e5 4. Ngf3 Bd6 5. g3 Nf6 6. Bg2 O-O 7. O-O Nbd7 8. exd5 cxd5 9. c4 d4 10. Re1 Nc5 11. Nb3 Qc7 12. Nxc5 Qxc5 13. Bg5 Nd7 14. Rb1 a5 15. Nd2 f6 16. Ne4 Qc7 17. Nxd6 Qxd6 18.
Bd2 Nc5 19. Bd5+ Be6 20. Bxe6+ Qxe6 21. Qf3 f5 22. b4 axb4 23. Bxb4 b6 24. Bxc5 bxc5 25.
Rb5 e4 26. dxe4 Qxc4 27. Rb2 fxe4 28. Qxe4 Rxa2 29. Rxa2 Qxa2 30. Re2 Qa1+ 31. Kg2 Qa8 32. Qxa8 Rxa8 33. Rc2 Rc8 34. Rc4 Kf7 35. Kf3 Ke6 36. Ke4 Kd6 37. Kd3 Kd5 38. f4 Re8 39. Ra4 c4+ 40.
Kd2 Rb8 41. Ra5+ Ke4 42. Re5+ Kf3 43. Rd5 d3 44. Kc3 Rc8 45. Rd7 g6 46. Rd5 Rc7 47.
f5 gxf5 48. Rxf5+ Ke2 49. Rd5 Kd1 50. Rd4 Rc6 51. g4 Ke2 52. h4 Ke3 53. g5 Ra6 54. Rd7 Ra3+ 55. Kxc4 d2 56. h5 Ke2 57. g6 hxg6 58.
hxg6 Ra4+ 59. Kc5 Ra7 60. Rd5 d1=Q 61. Rxd1 Kxd1 62. Kd5 Rg7 63. Ke5 Rxg6 64. Kf5 Rg1 65. Kf4 Re1 66. Kf3 Kd2 67. Kf4 Re2 68. Kf3 Kd3 69. Kf4 Re3 70. Kf5 Re4 71. Kg5 Kd4 72. Kf5 Kd5 73. Kf6 Re5 74. Kg6 Ke6 75. Kg7 Rf5 76. Kg6 Ke5 77. Kg7 Rf6 78. Kh7 Kf5 79.
Kg7 Ke6 80. Kh7 Kf7 81. Kh8 Rh6# 0-1

[Event "Late-Titled-Tuesday-Blitz-May-14-2024"]
[Site "Chess.com"]
[Date "2024.05.14"]
[Round "11"]
[White "mouseslips_are_the_best"]
[Black "Akhayan"]
[Result "0-1"]
[WhiteElo "2368"]
[BlackElo "2454"]
[TimeControl "180+1"]
[EndTime "15:59:38 PDT"]
[Termination "Akhayan won by resignation"]

1. e4 e5 2. Nf3 Nc6 3. d4 exd4 4.
Nxd4 Nf6 5. Nc3 Bb4 6. Nxc6 bxc6 7. Bd3 d5 8. exd5 O-O 9. O-O Bg4 10. Ne2 cxd5 11. h3 Bh5 12. c4 c6 13. Be3 Re8 14. a3 Bd6 15. Rc1 Rb8 16. b4 Bc7 17. Bxa7 Qd6 18. g3 Rbd8 19. Bc5 Qe6 20. Re1 Qxh3 21. Qd2 Bf3 0-1

[Event "Late-Titled-Tuesday-Blitz-May-14-2024"]
[Site "Chess.com"]
[Date "2024.05.14"]
[Round "11"]
[White "chenxiaoyuer"]
[Black "annasargsyan_m"]
[Result "1-0"]
[WhiteElo "2874"]
[BlackElo "2592"]
[TimeControl "180+1"]
[EndTime "15:59:56 PDT"]
[Termination "chenxiaoyuer won by checkmate"]

1. e4 c6 2. Nf3 d5 3. d3 g6 4.
e5 Bg7 5. d4 Bg4 6. Nbd2 c5 7. c3 Nc6 8. h3 Bxf3 9. Nxf3 e6 10.
dxc5 Nxe5 11. Nxe5 Bxe5 12. Bb5+ Kf8 13. O-O Qc7 14. Be3 h5 15. Qf3 Nf6 16. Rfe1 Kg7 17. Bd3 h4 18. Rac1 Rh5 19. b4 Rd8 20. c4 dxc4 21.
Bxc4 Nd5 22. Bxd5 Rxd5 23. Red1 Bf6 24. Rxd5 Rxd5 25. Bh6+ Kxh6 26. Qxf6 Kh5 27. f4 Kh6 28. Qh8# 1-0

[Event "Late-Titled-Tuesday-Blitz-May-14-2024"]
[Site "Chess.com"]
[Date "2024.05.14"]
[Round "11"]
[White "RantomOpening"]
[Black "CarlosjPineror"]
[Result "0-1"]
[WhiteElo "2587"]
[BlackElo "2745"]
[TimeControl "180+1"]
[EndTime "16:00:03 PDT"]
[Termination "CarlosjPineror won by resignation"]

1. c4 Nf6 2. Nf3 d6 3. Nc3 g6 4.
e4 Bg7 5. d4 O-O 6. Be2 e5 7. Be3 Nc6 8. O-O Bg4 9. d5 Ne7 10. Ne1 Bxe2 11. Qxe2 Nd7 12. Qd2 f5 13. Bh6 f4 14. Bxg7 Kxg7 15. f3 Nf6 16. c5 g5 17.
cxd6 cxd6 18. Rc1 a6 19. b4 Ng6 20. b5 axb5 21. Nxb5 Qb6+ 22. Qf2 Qxb5 23. Rc7+ Rf7 24. Qc2 Qb6+ 25. Rc5 0-1

[Event "Late-Titled-Tuesday-Blitz-May-14-2024"]
[Site "Chess.com"]
[Date "2024.05.14"]
[Round "11"]
[White "PhileKhoob"]
[Black "gabduschew"]
[Result "1-0"]
[WhiteElo "2331"]
[BlackElo "2350"]
[TimeControl "180+1"]
[EndTime "16:00:03 PDT"]
[Termination "PhileKhoob won by resignation"]

1. Nf3 d5 2. g3 c6 3. Bg2 Bg4 4. Ne5 Bf5 5. c4 e6 6. O-O Nd7 7. Nxd7 Qxd7 8. cxd5 exd5 9. d4 O-O-O 10. Nc3 Nf6 11.
Bf4 Bh3 12. Qa4 b6 13. Qa6+ Qb7 14. Bxh3+ 1-0

[Event "Late-Titled-Tuesday-Blitz-May-14-2024"]
[Site "Chess.com"]
[Date "2024.05.14"]
[Round "11"]
[White "SahaNeelash"]
[Black "Michalczak"]
[Result "1-0"]
[WhiteElo "2690"]
[BlackElo "2506"]
[TimeControl "180+1"]
[EndTime "16:00:10 PDT"]
[Termination "SahaNeelash won by resignation"]

1. Nf3 d5 2. b3 Nf6 3. Bb2 e6 4. e3 Be7 5. c4 O-O 6. Nc3 b6 7. cxd5 exd5 8. d4 Bb7 9. Bd3 c5 10. O-O Nc6 11. Ne2 Ne4 12. dxc5 bxc5 13. Bxe4 dxe4 14. Nd2 f5 15. Nf4 Bd6 16. Ne6 Bxh2+ 17. Kxh2 Qd6+ 18. Nf4 g5 19. Nc4 Qxd1 20. Raxd1 gxf4 21.
Rd7 1-0

[Event "Late-Titled-Tuesday-Blitz-May-14-2024"]
[Site "Chess.com"]
[Date "2024.05.14"]
[Round "11"]
[White "Gangster-accountant01"]
[Black "Rital44"]
[Result "1-0"]
[WhiteElo "2600"]
[BlackElo "2704"]
[TimeControl "180+1"]
[EndTime "16:00:41 PDT"]
[Termination "Gangster-accountant01 won by resignation"]

1. c4 g6 2. d4 Bg7 3. Nc3 c5 4. d5 d6 5. e4 Nf6 6. f4 O-O 7. Nf3 e6 8. Be2 exd5 9. cxd5 Re8 10. e5 Nfd7 11. e6 Nf6 12. O-O fxe6 13. dxe6 Bxe6 14. Ng5 d5 15. Bf3 d4 16. Nxe6 Rxe6 17.
Bxb7 Nc6 18. Qb3 Kf7 19. Re1 Qd7 20. Bxa8 dxc3 21. Qxe6+ Qxe6 22. Rxe6 Nd4 23. Rxf6+ Bxf6 24. bxc3 Ne2+ 25. Kf2 Nxc3 26. Bb2 Ne4+ 27. Bxe4 Bxb2 28.
Rb1 Bd4+ 29. Kf3 1-0

[Event "Late-Titled-Tuesday-Blitz-May-14-2024"]
[Site "Chess.com"]
[Date "2024.05.14"]
[Round "11"]
[White "CombativeWombat"]
[Black "ural58"]
[Result "0-1"]
[WhiteElo "2343"]
[BlackElo "2474"]
[TimeControl "180+1"]
[EndTime "16:00:41 PDT"]
[Termination "ural58 won by resignation"]

1. e4 d5 2. exd5 Qxd5 3. Nc3 Qa5 4. d4 Nf6 5. Nf3 Nc6 6. Bb5 Ne4 7. O-O Nxc3 8. Bxc6+ bxc6 9. Qe1 Bg4 10. Ne5 Ne2+ 11.
Kh1 Qxe1 12. Rxe1 Nxd4 13. Nxg4 Nxc2 14. Bf4 Nxa1 15. Rxa1 f6 16. Bxc7 e5 17. f4 Rc8 18.
Ba5 exf4 19. Re1+ Kf7 20. Re4 Bd6 21. Nf2 Rhe8 22. Rd4 Be5 23. Rd2 c5 24. Nd3 c4 25.
Nf2 c3 26. bxc3 Bxc3 27. Rd7+ Re7 0-1

[Event "Late-Titled-Tuesday-Blitz-May-14-2024"]
[Site "Chess.com"]
[Date "2024.05.14"]
[Round "11"]
[White "Chessdude1987"]
[Black "EsmeraldasAnderson03"]
[Result "1-0"]
[WhiteElo "2405"]
[BlackElo "2534"]
[TimeControl "180+1"]
[EndTime "16:00:58 PDT"]
[Termination "Chessdude1987 won by resignation"]

1. e4 c5 2. Nf3 d6 3. Bc4 Nf6 4. d3 a6 5. Bb3 g6 6. c3 Bg7 7. O-O O-O 8. Re1 Nc6 9. d4 cxd4 10. cxd4 e6 11. Nc3 b5 12. d5 exd5 13. Nxd5 Bb7 14. Bf4 Na5 15. Nxf6+ Qxf6 16. Bxd6 Nxb3 17. axb3 Rfe8 18.
e5 Bxf3 19. Qxf3 Qxf3 20. gxf3 Rac8 21. Rxa6 Rc2 22. Rb6 Rxb2 23. Rxb5 f6 24. e6 f5 25.
Rb8 Rxb8 26. Bxb8 Kf8 27. Bd6+ Ke8 28. Rc1 Bf6 29. Rc8+ Bd8 30. e7 Rb1+ 31. Kg2 1-0

[Event "Late-Titled-Tuesday-Blitz-May-14-2024"]
[Site "Chess.com"]
[Date "2024.05.14"]
[Round "11"]
[White "GMthekingindian"]
[Black "Eloist"]
[Result "0-1"]
[WhiteElo "2324"]
[BlackElo "2444"]
[TimeControl "180+1"]
[EndTime "16:01:00 PDT"]
[Termination "Eloist won by resignation"]

1. d4 e6 2. Nf3 Nf6 3. g3 b6 4.
Bg2 Bb7 5. O-O Be7 6. c4 O-O 7. Nc3 Ne4 8. Qc2 Nxc3 9. Qxc3 f5 10. b4 c5 11. bxc5 bxc5 12. e3 Be4 13. Nd2 Bxg2 14. Kxg2 Nc6 15. Nb3 cxd4 16. exd4 a5 17. a4 Rb8 18. Qc2 Qb6 19. Nc5 Nxd4 20. Qd3 Qc6+ 21.
f3 Bxc5 0-1

[Event "Late-Titled-Tuesday-Blitz-May-14-2024"]
[Site "Chess.com"]
[Date "2024.05.14"]
[Round "11"]
[White "DominguezOnYoutube"]
[Black "MatthewG-p4p"]
[Result "1-0"]
[WhiteElo "3024"]
[BlackElo "2848"]
[TimeControl "180+1"]
[EndTime "16:01:05 PDT"]
[Termination "DominguezOnYoutube won by checkmate"]

1. e4 e6 2. d4 d5 3. Nc3 Bb4 4. e5 Ne7 5. a3 Bxc3+ 6. bxc3 c5 7. Qg4 cxd4 8. Bd3 Qa5 9. Ne2 O-O 10. h4 Nbc6 11.
Qg3 Kh8 12. h5 h6 13. Rh4 dxc3 14. Rg4 Rg8 15. Bxh6 gxh6 16. Qf4 Rg5 17. Qf6+ Kg8 18. Qxh6 Rxg4 19. Bh7+ Kh8 20. Bg6+ Kg8 21. Qh7+ Kf8 22. Qxf7# 1-0

[Event "Late-Titled-Tuesday-Blitz-May-14-2024"]
[Site "Chess.com"]
[Date "2024.05.14"]
[Round "11"]
[White "Durarbayli"]
[Black "Arystanner"]
[Result "1-0"]
[WhiteElo "2948"]
[BlackElo "2832"]
[TimeControl "180+1"]
[EndTime "16:01:10 PDT"]
[Termination "Durarbayli won by resignation"]

1. e4 c5 2. Nf3 Nc6 3. d4 cxd4 4.
Nxd4 e5 5. Nb5 d6 6. N1c3 a6 7. Na3 Be7 8. Be3 Nf6 9. Nd5 Nxd5 10. exd5 Nb8 11. Nc4 Nd7 12. a4 f5 13. f3 O-O 14. Be2 Bg5 15. Bf2 Nf6 16. O-O Qc7 17. Ra3 Bd7 18. Rc3 Qb8 19. Nb6 Ra7 20. h4 Bh6 21. g4 fxg4 22. fxg4 Be8 23. g5 Ne4 24. Rc8 1-0

[Event "Late-Titled-Tuesday-Blitz-May-14-2024"]
[Site "Chess.com"]
[Date "2024.05.14"]
[Round "11"]
[White "HandKnit"]
[Black "Christian-Toth"]
[Result "0-1"]
[WhiteElo "2487"]
[BlackElo "2395"]
[TimeControl "180+1"]
[EndTime "16:01:15 PDT"]
[Termination "Christian-Toth won by resignation"]

1. e4 e5 2. Nf3 Nf6 3. d4 Nxe4 4. dxe5 d5 5. Bd3 Nc5 6. Be2 Be7 7. O-O O-O 8. Re1 Ne6 9. Nc3 c6 10. Bf1 b5 11. Ne2 a5 12. Nf4 Nxf4 13. Bxf4 Be6 14. Bg3 Qb6 15. Bd3 c5 16. c3 Nc6 17. Bc2 Rad8 18. Qd2 d4 19. cxd4 Nxd4 20. Nxd4 Rxd4 21. Qe3 Rfd8 22. b3 c4 23. bxc4 Bxc4 24. e6 Bxe6 25. Be5 Bc5 26. Bxd4 Bxd4 27. Qg3 Bxa1 28. Rxa1 Rd2 29. Be4 g6 30. h4 Qd4 31. Re1 Bxa2 32. Qb8+ Kg7 33. Qxb5 Qxf2+ 34. Kh2 Qxh4+ 0-1

[Event "Late-Titled-Tuesday-Blitz-May-14-2024"]
[Site "Chess.com"]
[Date "2024.05.14"]
[Round "11"]
[White "Walter_White_Poland"]
[Black "PawnEatingZombie"]
[Result "1-0"]
[WhiteElo "2382"]
[BlackElo "2295"]
[TimeControl "180+1"]
[EndTime "16:01:19 PDT"]
[Termination "Walter_White_Poland won by resignation"]

1. e4 c5 2. Nf3 Nc6 3. Nc3 g6 4. Bb5 Bg7 5. O-O Nd4 6. Nxd4 cxd4 7. Ne2 Qb6 8. Bc4 Nf6 9. d3 O-O 10. Kh1 d5 11. exd5 Qc5 12. Nf4 b5 13. b4 Qxb4 14. Bb3 Bb7 15. a4 Qc3 16. Bd2 Qc5 17. axb5 Nxd5 18.
Nxd5 Bxd5 19. Qb1 Qxb5 20. Ra5 Qxa5 21. Bxa5 Rab8 22. Bxd5 1-0

[Event "Late-Titled-Tuesday-Blitz-May-14-2024"]
[Site "Chess.com"]
[Date "2024.05.14"]
[Round "11"]
[White "wild3000"]
[Black "Hakiki_satranc"]
[Result "0-1"]
[WhiteElo "2457"]
[BlackElo "2424"]
[TimeControl "180+1"]
[EndTime "16:01:43 PDT"]
[Termination "Hakiki_satranc won by resignation"]

1. d4 Nf6 2. Nf3 b6 3. g3 Bb7 4.
Bg2 c5 5. O-O cxd4 6. Qxd4 g6 7.
c4 Bg7 8. Nc3 O-O 9. Rd1 Ne4 10.
Nxe4 Bxd4 11. Nxd4 Nc6 12. Bh6 Re8 13. Rd2 Nxd4 14. Rxd4 Qc7 15. Rad1 d6 16. b3 a6 17. a4 b5 18. axb5 axb5 19. cxb5 Rab8 20. Be3 Bxe4 21. Bxe4 Rxb5 22. Rc1 Rc5 23. Rdc4 Rxc4 24. Rxc4 Qa5 25. b4 Qa1+ 26. Kg2 Rb8 27. Ba7 Qxa7 28. b5 Rxb5 0-1

[Event "Late-Titled-Tuesday-Blitz-May-14-2024"]
[Site "Chess.com"]
[Date "2024.05.14"]
[Round "11"]
[White "PNEPaul"]
[Black "shirovin"]
[Result "1/2-1/2"]
[WhiteElo "1910"]
[BlackElo "2087"]
[TimeControl "180+1"]
[EndTime "16:01:49 PDT"]
[Termination "Game drawn by repetition"]

1. e4 Nf6 2. Bc4 Nxe4 3. Bxf7+ Kxf7 4. Qh5+ Kg8 5. Qd5+ e6 6. Qxe4 Be7 7. Nf3 Bf6 8. d4 Nc6 9. c3 g6 10. Bf4 Kg7 11.
Nbd2 Re8 12. O-O-O d6 13. Qe3 Bd7 14. Ne4 e5 15. dxe5 Nxe5 16. Nxf6 Qxf6 17. Bxe5 dxe5 18. Rxd7+ Kg8 19. Rhd1 e4 20. Qh6 exf3 21. Qxh7+ Kf8 22.
Qh6+ Kg8 23. Qh7+ Kf8 24. Qh6+ Kg8 25. Qh7+ 1/2-1/2